[Event "*** Titled Tuesday Blitz"]
[Site "Chess.com"]
[Date "2020.05.05"]
[Round "7"]
[White "Enriquack"]
[Black "Kapibara_Warri0r"]
[Result "0-1"]
[WhiteElo "2246"]
[BlackElo "2113"]
[TimeControl "180+1"]
[EndTime "11:17:35 PDT"]
[Termination "Kapibara_Warri0r won by resignation"]

1. e4 e5 2. Nf3 Nc6 3. Bb5 a6 4.
Ba4 g6 5. O-O Bg7 6. c3 d6 7. d4 Bd7 8. Re1 Nge7 9. h3 O-O 10.
Bg5 h6 11. Bh4 g5 12. Bg3 Ng6 13. Bb3 g4 14. hxg4 Bxg4 15. dxe5 Ncxe5 16. Nbd2 h5 17. Qc2 Nxf3+ 18. Nxf3 Bxf3 19. gxf3 h4 20. Bh2 Qf6 21.
Qe2 Nf4 22. Qe3 Bh6 23. Kh1 Kh8 24. e5 Qg5 25. Rg1 Qxe5 26. Qxe5+ dxe5 27. Rae1 Rae8 28. Rg4 Ng6 29. Bxf7 Rxf7 30. Rxg6 Kh7 31. Rg4 Rxf3 32. Rxh4 Rxf2 33. Bxe5 Rf5 34. Bg3 Rxe1+ 0-1

[Event "*** Titled Tuesday Blitz"]
[Site "Chess.com"]
[Date "2020.05.05"]
[Round "7"]
[White "NikolaGry"]
[Black "Matibar"]
[Result "1/2-1/2"]
[WhiteElo "2636"]
[BlackElo "2795"]
[TimeControl "180+1"]
[EndTime "11:17:37 PDT"]
[Termination "Game drawn by repetition"]

1. b3 e5 2. Bb2 d6 3. c4 Nf6 4. e3 Be7 5. Nf3 e4 6. Nd4 c5 7.
Ne2 h5 8. Nbc3 Nc6 9. Ng3 h4 10. Ngxe4 Bf5 11. d3 Nxe4 12. dxe4 Be6 13. Nd5 Kf8 14.
Be2 h3 15. g3 f6 16. O-O Kg8 17. f4 Bf8 18. Bf3 Rb8 19. Qe2 Bf7 20. Rad1 Qe8 21.
Bxf6 Bxd5 22. cxd5 gxf6 23. dxc6 bxc6 24. Rd3 Rb4 25.
Rfd1 Rxe4 26. Bxe4 Qxe4 27. Rxd6 Bxd6 28. Rxd6 Kg7 29.
Qg4+ Kf7 30. Qd7+ Kg6 31. Qg4+ Kf7 32. Qd7+ Kg6 33. Qg4+ Kf7 1/2-1/2

[Event "*** Titled Tuesday Blitz"]
[Site "Chess.com"]
[Date "2020.05.05"]
[Round "7"]
[White "Lubov_Gordyk"]
[Black "Shield12"]
[Result "0-1"]
[WhiteElo "2633"]
[BlackElo "2819"]
[TimeControl "180+1"]
[EndTime "11:17:40 PDT"]
[Termination "Shield12 won by resignation"]

1. e4 e5 2. Nf3 Nc6 3. Nc3 Nf6 4. d4 Bb4 5. Nxe5 Qe7 6. Qd3 Nxe5 7. dxe5 Qxe5 8. Bd2 O-O 9. O-O-O Bxc3 10. Bxc3 Qf4+ 11. Rd2 Re8 12. f3 d5 13. e5 Bf5 14. Qd4 Qxd4 15.
Bxd4 Nd7 16. f4 Nf8 17. c3 Ne6 18. Be3 c6 19. Rg1 Be4 20. g4 h6 21. h4 b6 22. b4 Rad8 23. f5 Nf8 24. Bf4 Nd7 25. Ba6 Nxe5 26. Bb7 Nf3 27. Rgd1 Nxd2 28. Rxd2 d4 29.
cxd4 Bd5 30. g5 Re4 31. Be5 Rxh4 32. f6 hxg5 33. fxg7 Re8 34. b5 Rh6 35. Rc2 Ree6 36. bxc6 Bxc6 37. Bc8 Rxe5 38. dxe5 Bd5 39. Rd2 Be6 40.
Bxe6 Rxe6 41. Rd7 Kxg7 0-1

[Event "*** Titled Tuesday Blitz"]
[Site "Chess.com"]
[Date "2020.05.05"]
[Round "7"]
[White "Richarzard69"]
[Black "sergeikim"]
[Result "0-1"]
[WhiteElo "2318"]
[BlackElo "2478"]
[TimeControl "180+1"]
[EndTime "11:17:42 PDT"]
[Termination "sergeikim won by resignation"]

1. Nf3 Nf6 2. c4 g6 3. Nc3 Bg7 4. e4 d6 5. d4 O-O 6. Be2 e5 7.
dxe5 dxe5 8. Qxd8 Rxd8 9. Bg5 c6 10. Nxe5 Re8 11. O-O-O Na6 12. f4 Nc5 13. Bf3 h6 14. Bh4 g5 15. fxg5 hxg5 16. Bg3 g4 17. Be2 Ncxe4 18.
Nxe4 Nxe4 19. Nxg4 f5 20. Ne3 Bh6 21. Rd3 Nxg3 22. hxg3 Bxe3+ 23. Kd1 Bg5 24. Bh5 Rd8 25. Rxd8+ Bxd8 26. g4 fxg4 27. Re1 Bd7 28. Re5 Bf6 29.
Re4 Rd8 30. Kc1 Bf5 31. Re1 Bg5+ 0-1

[Event "*** Titled Tuesday Blitz"]
[Site "Chess.com"]
[Date "2020.05.05"]
[Round "7"]
[White "Chessalary"]
[Black "Azoulas1"]
[Result "1-0"]
[WhiteElo "2171"]
[BlackElo "1895"]
[TimeControl "180+1"]
[EndTime "11:17:43 PDT"]
[Termination "Chessalary won by checkmate"]

1. e4 c5 2. Nf3 e6 3. d4 cxd4 4.
Nxd4 Nf6 5. Nc3 Bb4 6. e5 Nd5 7. Qg4 Nxc3 8. Qxg7 Rf8 9. a3 Nb5+ 10. axb4 Nxd4 11. c3 Nf5 12. Qxh7 Qc7 13. f4 Nc6 14. Bd3 Nfe7 15. O-O b6 16. Be4 Bb7 17. Be3 O-O-O 18. Qh4 Rh8 19. Qf2 Rdg8 20. Ra3 Kb8 21. Rfa1 Rg7 22. b5 Na5 23. Bxb7 Qxb7 24. b4 Rhg8 25. g3 Nf5 26. bxa5 Nxg3 27. hxg3 Rxg3+ 28. Kf1 Rg2 29. axb6 Rxf2+ 30. Bxf2 axb6 31. Ra6 Qg2+ 32. Ke2 Qe4+ 33. Kf1 Qd3+ 34. Ke1 Qxc3+ 35. Ke2 Qc2+ 36. Ke1 Qd3 37.
Ra8+ Kc7 38. R1a7# 1-0

[Event "*** Titled Tuesday Blitz"]
[Site "Chess.com"]
[Date "2020.05.05"]
[Round "7"]
[White "KaterinaMiroshnik"]
[Black "PavlovDanila"]
[Result "1/2-1/2"]
[WhiteElo "2446"]
[BlackElo "2681"]
[TimeControl "180+1"]
[EndTime "11:17:44 PDT"]
[Termination "Game drawn by repetition"]

1. d3 d5 2. Nd2 c5 3. Ngf3 Nc6 4. e4 Nf6 5. Be2 g6 6. O-O Bg7 7. c3 O-O 8. Qc2 e6 9. Re1 b6 10. Nf1 Bb7 11. Be3 Qc7 12. Ng3 Rac8 13. Rad1 Rfd8 14.
Bc1 a6 15. h4 b5 16. h5 c4 17. hxg6 hxg6 18. e5 cxd3 19. Bxd3 Ng4 20. Bg5 Rd7 21. Bxg6 Ngxe5 22. Bh5 Nxf3+ 23. Bxf3 Ne5 24. Bh5 f6 25.
Bf4 Re7 26. Bxe5 fxe5 27. Qd2 Rf8 28. Qg5 e4 29. Bg6 Bf6 30. Qg4 Bg7 31. Qh4 Rf6 32. Qh7+ Kf8 33. Nh5 Qe5 34. Nxg7 Rxg7 35. Qh8+ Rg8 36.
Qh6+ Rg7 37. Qh8+ Rg8 38. Qh6+ Rg7 39. Qh8+ 1/2-1/2

[Event "*** Titled Tuesday Blitz"]
[Site "Chess.com"]
[Date "2020.05.05"]
[Round "7"]
[White "aNaartjieZA"]
[Black "Gulkov_Igor"]
[Result "1/2-1/2"]
[WhiteElo "2582"]
[BlackElo "2413"]
[TimeControl "180+1"]
[EndTime "11:17:44 PDT"]
[Termination "Game drawn - insufficient material"]

1. e4 c5 2. Nf3 d6 3. g3 Nc6 4.
Bg2 g6 5. O-O Bg7 6. c3 e5 7. d3 Nge7 8. a3 O-O 9. b4 b6 10.
Nbd2 h6 11. Bb2 Be6 12. Re1 Qd7 13. b5 Na5 14. a4 Bh3 15. d4 Bxg2 16. Kxg2 exd4 17.
cxd4 d5 18. e5 Nf5 19. Rc1 Rfc8 20. Bc3 cxd4 21. Bxa5 bxa5 22. Nb3 Rc4 23. Nxa5 Rxc1 24. Qxc1 Rc8 25. Nc6 a6 26. Qd2 axb5 27. axb5 Qb7 28. Nfxd4 Nxd4 29. Nxd4 Rc4 30. Nc6 Qxb5 31. Ne7+ Kf8 32.
Qxd5 Qxd5+ 33. Nxd5 Rc5 34. Nf4 Rxe5 35. Rxe5 Bxe5 36. Nd3 Bd6 37. Kf3 Ke7 38. Ke4 Ke6 39. h4 f5+ 40. Kf3 g5 41. hxg5 hxg5 42. g4 Kf6 43.
Nb2 Bc5 44. Nd3 Bxf2 45. Nxf2 fxg4+ 46. Kxg4 Kg6 47. Ne4 Kg7 48. Nxg5 1/2-1/2

[Event "*** Titled Tuesday Blitz"]
[Site "Chess.com"]
[Date "2020.05.05"]
[Round "7"]
[White "Paladin61"]
[Black "ENEASZ"]
[Result "1-0"]
[WhiteElo "2662"]
[BlackElo "2499"]
[TimeControl "180+1"]
[EndTime "11:17:45 PDT"]
[Termination "Paladin61 won by resignation"]

1. d4 d5 2. c4 e6 3. Nf3 Nf6 4. g3 Be7 5. Bg2 O-O 6. O-O dxc4 7. Qc2 b5 8. a4 b4 9. Nfd2 c6 10. Nxc4 Qxd4 11. Rd1 Qg4 12. Nbd2 Ba6 13. b3 Rc8 14. Bb2 Nbd7 15. Rac1 Rab8 16. e4 Qg6 17. h3 Bc5 18. Nf1 h5 19. Nfe3 Bf8 20. Nd6 Bxd6 21. Rxd6 h4 22.
g4 Bb7 23. e5 Qxc2 24. Rxc2 1-0

[Event "*** Titled Tuesday Blitz"]
[Site "Chess.com"]
[Date "2020.05.05"]
[Round "7"]
[White "Sweafty"]
[Black "AsaHoffmann"]
[Result "1-0"]
[WhiteElo "2522"]
[BlackElo "2369"]
[TimeControl "180+1"]
[EndTime "11:17:45 PDT"]
[Termination "Sweafty won by resignation"]

1. Nf3 d6 2. d4 Bg4 3. e4 Nf6 4. Nc3 c6 5. h3 Bh5 6. Be2 e6 7. O-O d5 8. e5 Nfd7 9. Ng5 Bg6 10. f4 h6 11. Nf3 c5 12. Be3 Nc6 13. dxc5 Bxc5 14.
Bxc5 Nxc5 15. Kh2 O-O 16. Bb5 Rc8 17. Bxc6 Rxc6 18. Nd4 Rc8 19. f5 exf5 20. Nxf5 Bxf5 21. Rxf5 Ne4 22. Nxd5 Qh4 23. c3 Qg3+ 24. Kg1 Rfd8 25. Ne7+ Kh8 26. Qf3 Qxf3 27. gxf3 Rc7 28. Rxf7 Rdd7 29.
Ng6+ Kh7 30. Rxd7 Rxd7 31. Nf8+ 1-0

[Event "*** Titled Tuesday Blitz"]
[Site "Chess.com"]
[Date "2020.05.05"]
[Round "7"]
[White "Tashik"]
[Black "RobPeresian"]
[Result "0-1"]
[WhiteElo "2452"]
[BlackElo "2307"]
[TimeControl "180+1"]
[EndTime "11:17:45 PDT"]
[Termination "RobPeresian won by resignation"]

1. c4 e5 2. Nc3 Nc6 3. Nf3 g6 4. d4 exd4 5. Nxd4 Bg7 6. Nxc6 bxc6 7. g3 Ne7 8. Bg2 O-O 9. O-O Rb8 10. Qa4 a6 11.
Rd1 d6 12. Qa3 c5 13. Ne4 Qe8 14. Qa5 Rb6 15. Qa3 Be6 16. Bh6 Nc6 17. Bxg7 Kxg7 18. Qc3+ f6 19. Nd2 Nd4 20. Re1 Bf5 21. e4 Be6 22. b3 Bc8 23. Rad1 Bb7 24. Nf3 Nxf3+ 25. Bxf3 Qe5 26. Bg2 Qxc3 0-1

[Event "*** Titled Tuesday Blitz"]
[Site "Chess.com"]
[Date "2020.05.05"]
[Round "7"]
[White "swisspower96"]
[Black "MasterKroket"]
[Result "1-0"]
[WhiteElo "2605"]
[BlackElo "2444"]
[TimeControl "180+1"]
[EndTime "11:17:47 PDT"]
[Termination "swisspower96 won by resignation"]

1. d4 Nf6 2. c4 e6 3. Nf3 b6 4. g3 Bb7 5. Bg2 Be7 6. O-O O-O 7. Re1 Na6 8. h4 c5 9. d5 exd5 10. Nh2 Nc7 11. Nc3 Ne4 12. Nxd5 Nxd5 13. cxd5 Nd6 14. e4 Nc4 15. Qc2 Na5 16. e5 d6 17. e6 fxe6 18.
Rxe6 Bc8 19. Re1 Bf5 20. Qe2 Bf6 21. Bf4 c4 22. Nf3 Re8 23. Qd2 Be4 24. Nd4 Bxg2 25.
Kxg2 Be5 26. Ne6 Qf6 27. Bxe5 dxe5 28. Nc7 e4 29. Nxa8 Qf3+ 30. Kg1 Rxa8 31. Re3 Qf5 32.
Rae1 Re8 33. Qd4 Re5 34. Rxe4 Rxd5 35. Re8+ Kf7 36. R1e7+ Kg6 37. Qxg7+ Kh5 38. Qxh7+ Kg4 39. Rg8+ Kh3 40. Qxf5+ Rxf5 41. Re3 Nc6 42. g4+ 1-0

[Event "*** Titled Tuesday Blitz"]
[Site "Chess.com"]
[Date "2020.05.05"]
[Round "7"]
[White "Kaponov"]
[Black "mitraasz"]
[Result "0-1"]
[WhiteElo "2064"]
[BlackElo "2214"]
[TimeControl "180+1"]
[EndTime "11:17:49 PDT"]
[Termination "mitraasz won by resignation"]

1. e4 c5 2. c3 d6 3. Nf3 Nf6 4. Bd3 g6 5. Bc2 Bg7 6. O-O O-O 7. h3 Nc6 8. d4 b6 9. Be3 Bb7 10. Nbd2 cxd4 11. cxd4 Rc8 12. Rc1 Ba6 13. Re1 Nb4 14. a3 Nxc2 15. Rxc2 Bd3 16. Rxc8 Qxc8 17. Bf4 Qa6 18.
Qb3 Rc8 19. Re3 Rc1+ 20. Kh2 Bb5 21. Rc3 Rxc3 22. Qxc3 Nh5 23. Be3 Qb7 24. e5 Bc6 25. b3 dxe5 26. dxe5 f6 27. exf6 Nxf6 28. Bd4 Nd5 29.
Bxg7 Nxc3 0-1

[Event "*** Titled Tuesday Blitz"]
[Site "Chess.com"]
[Date "2020.05.05"]
[Round "7"]
[White "SirMittensofMittensville"]
[Black "aakankshachess"]
[Result "1-0"]
[WhiteElo "2672"]
[BlackElo "2509"]
[TimeControl "180+1"]
[EndTime "11:17:50 PDT"]
[Termination "SirMittensofMittensville won by resignation"]

1. e4 e5 2. Nf3 Nc6 3. Bc4 Nf6 4. d3 Bc5 5. c3 O-O 6. O-O d5 7. exd5 Nxd5 8. Re1 Re8 9. d4 Bb6 10. dxe5 Be6 11. Bg5 Qd7 12. Nbd2 Na5 13. Bf1 c5 14. Ne4 Nc6 15. Nd6 Rf8 16. Nc4 Bc7 17. a4 h6 18.
Bh4 b6 19. Qc2 Bf5 20. Qd2 Qe6 21. Rad1 Nde7 22. Nd6 Bg4 23. Bc4 Qg6 24. Qf4 Bxf3 25. Qxf3 Na5 26. Bxe7 Nxc4 27. Nxc4 Rfe8 28. Rd7 Qe6 29.
Rxc7 Qxc4 30. Qe4 Qe6 31. f4 Rab8 32. f5 Qb3 33. e6 fxe6 34. fxe6 Qxb2 35. Bf6 1-0

[Event "*** Titled Tuesday Blitz"]
[Site "Chess.com"]
[Date "2020.05.05"]
[Round "7"]
[White "Char_dasha"]
[Black "robertofabregas"]
[Result "1-0"]
[WhiteElo "2238"]
[BlackElo "2081"]
[TimeControl "180+1"]
[EndTime "11:17:50 PDT"]
[Termination "Char_dasha won by resignation"]

1. d4 Nf6 2. c4 e6 3. Nc3 Bb4 4. Qc2 b6 5. e4 Bxc3+ 6. bxc3 h6 7. e5 Ng8 8. Qe4 c6 9. Qg4 Kf8 10. Nf3 c5 11. h4 Bb7 12. h5 Bxf3 13. gxf3 f5 14.
exf6 Nxf6 15. Qf4 Nc6 16. Bd2 Qb8 17. Qh4 e5 18. d5 Ne7 19. Bd3 d6 20. Ke2 Qe8 21.
Rag1 a6 22. Rg3 b5 23. Rhg1 Rg8 24. Bxh6 Qf7 25. Rxg7 Rxg7 26. Rxg7 Qxg7 27. Qxf6+ Ke8 1-0

[Event "*** Titled Tuesday Blitz"]
[Site "Chess.com"]
[Date "2020.05.05"]
[Round "7"]
[White "Jadeit90"]
[Black "cstevens1"]
[Result "0-1"]
[WhiteElo "2381"]
[BlackElo "2610"]
[TimeControl "180+1"]
[EndTime "11:17:51 PDT"]
[Termination "cstevens1 won by resignation"]

1. e4 c5 2. Nc3 e6 3. g3 d5 4. exd5 exd5 5. Bg2 Nf6 6. Nge2 d4 7. Ne4 Nxe4 8.
Bxe4 Nd7 9. O-O Nf6 10. Bg2 Bd6 11. d3 O-O 12. Bf4 Bg4 13. Bxd6 Qxd6 14. Qd2 Bxe2 15.
Qxe2 Rae8 16. Qf3 b6 17. Rfe1 Re7 18. Kf1 Rfe8 19. Qc6 Rxe1+ 20. Rxe1 Rxe1+ 21. Kxe1 Qxc6 22. Bxc6 Kf8 23. h3 Ke7 24. Bf3 Kd6 25. Kd2 g5 26. a3 Ke5 27. Bg2 Ng8 28. Be4 f5 29. Bg2 Nf6 30. Bb7 h5 31. Bg2 f4 32. Bf3 fxg3 33.
fxg3 h4 34. gxh4 gxh4 35. Ke2 Kf4 36. Kf2 Nh7 37. Bg2 Ng5 38. Bf1 Nf3 39. Be2 Ne5 40. Bd1 a5 41. Be2 b5 42. Bd1 c4 43.
Be2 c3 44. b3 b4 45. axb4 axb4 46. Bf1 Nf3 47. Be2 Ng5 48. Bf1 Nf7 49. Be2 Nd6 50.
Bd1 Nf5 0-1

[Event "*** Titled Tuesday Blitz"]
[Site "Chess.com"]
[Date "2020.05.05"]
[Round "7"]
[White "ElGasanov"]
[Black "mbachez"]
[Result "1-0"]
[WhiteElo "2711"]
[BlackElo "2442"]
[TimeControl "180+1"]
[EndTime "11:17:52 PDT"]
[Termination "ElGasanov won by resignation"]

1. d4 Nf6 2. Nf3 d5 3. Bg5 e6 4. e3 Be7 5. c4 O-O 6. Nc3 c6 7. Qc2 Nbd7 8. Rd1 h6 9. Bf4 Re8 10. Bd3 c5 11. cxd5 exd5 12. dxc5 Nxc5 13. Bb5 Bd7 14.
O-O Bxb5 15. Nxb5 Ne6 16. Be5 a6 17. Nbd4 Ne4 18. Nf5 Bf8 19. Qb3 g6 20. Rxd5 Qc8 21. N5d4 N6g5 22. Rd1 Qg4 23. Bg3 Rad8 24. Rxd8 Rxd8 25.
Qxb7 h5 26. h3 Nxf3+ 27. gxf3 Qxh3 28. Qxe4 Bg7 29. Qh4 Qd7 30. Rd2 Rc8 31. Kg2 Rc1 32. Nb3 1-0

[Event "*** Titled Tuesday Blitz"]
[Site "Chess.com"]
[Date "2020.05.05"]
[Round "7"]
[White "DACF2905"]
[Black "Nikithebest"]
[Result "1-0"]
[WhiteElo "2217"]
[BlackElo "2434"]
[TimeControl "180+1"]
[EndTime "11:17:52 PDT"]
[Termination "DACF2905 won by checkmate"]

1. c4 c5 2. g3 g6 3. Nc3 Bg7 4. Bg2 Nc6 5. e3 d6 6. Nge2 Be6 7. b3 Qd7 8. d4 cxd4 9. exd4 Bh3 10. O-O Bxg2 11.
Kxg2 Nf6 12. h3 O-O 13. Be3 d5 14. Qd2 Qf5 15. g4 Qd7 16. Rad1 h5 17. f3 Rad8 18. c5 hxg4 19. hxg4 Nxg4 20. fxg4 Qxg4+ 21. Ng3 e5 22. Bh6 Nxd4 23. Bxg7 Kxg7 24. Qf2 f5 25. Qe3 Rfe8 26.
Ne2 f4 27. Nxf4 Nf5 28. Nh5+ Kf7 29. Qh6 Ke6 30. Rxf5 Qxd1 31. Rxe5+ Kxe5 32. Qe3# 1-0

[Event "*** Titled Tuesday Blitz"]
[Site "Chess.com"]
[Date "2020.05.05"]
[Round "7"]
[White "DanielTitichoca"]
[Black "Shukh_Nikolay"]
[Result "1-0"]
[WhiteElo "2298"]
[BlackElo "2506"]
[TimeControl "180+1"]
[EndTime "11:17:53 PDT"]
[Termination "DanielTitichoca won by resignation"]

1. Nf3 Nf6 2. g3 g6 3. Bg2 Bg7 4. O-O O-O 5. c4 d6 6. Nc3 c6 7. d4 Nbd7 8. b3 e5 9. dxe5 dxe5 10. Bb2 Qe7 11. Qc2 a5 12. Rfd1 Nc5 13. Ba3 Bf5 14. e4 Nfxe4 15. Nxe4 Bxe4 16. Qxe4 Nxe4 17. Bxe7 Rfe8 18.
Ba3 Nc3 19. Re1 e4 20. Nd2 Ne2+ 21. Rxe2 Bxa1 22. Rxe4 Rxe4 23. Nxe4 Rd8 24. Bf3 b5 25. Bc5 bxc4 26. bxc4 Rb8 27. h4 Be5 28. h5 Rb2 29. a3 Rc2 30. Bb6 a4 31. c5 Ra2 32. Nd6 Rxa3 33. Bxc6 Ra1+ 34. Kg2 a3 35. Bd5 a2 36. Nxf7 Rg1+ 37. Kxg1 a1=Q+ 38. Kg2 Kf8 39. c6 Qc3 40. Nxe5 Qxe5 41. Bf3 Ke8 42. c7 Kd7 43. Bg4+ Kc6 44. c8=Q+ Kxb6 45. hxg6 hxg6 46. Qe6+ Qxe6 47. Bxe6 1-0

[Event "*** Titled Tuesday Blitz"]
[Site "Chess.com"]
[Date "2020.05.05"]
[Round "7"]
[White "Munkhzul_Turmunkh"]
[Black "suneebaker"]
[Result "0-1"]
[WhiteElo "2484"]
[BlackElo "2185"]
[TimeControl "180+1"]
[EndTime "11:17:53 PDT"]
[Termination "suneebaker won by resignation"]

1. e4 e6 2. d4 d5 3. Nc3 Nf6 4. e5 Nfd7 5. f4 c5 6. Nf3 Nc6 7. Be3 h6 8. Qd2 g5 9. fxg5 cxd4 10. Nxd4 Ndxe5 11. gxh6 Bxh6 12. Bxh6 Qh4+ 13. g3 Qxh6 14.
Qxh6 Rxh6 15. Nce2 Bd7 16. Bg2 Ke7 17. h4 Ng4 18.
Kd2 Rg8 19. Rae1 Nxd4 20. Nxd4 Kd6 21. Rhf1 Ne5 22. Rxe5 Kxe5 23. Nf3+ Kd6 24. Ng5 Rxg5 25. hxg5 Rh2 26. Rf2 Ke7 27. Ke3 Bc6 28. Kd4 Kd6 29. Rd2 e5+ 30. Kd3 Rh5 31. c4 Rxg5 32. cxd5 Rxg3+ 33. Ke4 Bd7 34. Bf3 f5+ 35. Ke3 e4 0-1

[Event "*** Titled Tuesday Blitz"]
[Site "Chess.com"]
[Date "2020.05.05"]
[Round "7"]
[White "Gergo85"]
[Black "tgpgoat"]
[Result "1-0"]
[WhiteElo "2544"]
[BlackElo "2106"]
[TimeControl "180+1"]
[EndTime "11:17:54 PDT"]
[Termination "Gergo85 won by checkmate"]

1. e4 c5 2. Nf3 Nc6 3. Bb5 g6 4. Bxc6 dxc6 5. d3 Bg7 6. h3 e5 7. Nbd2 Ne7 8. Nc4 Qc7 9. a4 Be6 10. b3 O-O 11. Be3 Bxc4 12. bxc4 b6 13. a5 f5 14. O-O fxe4 15. dxe4 Rad8 16. Qe2 Nc8 17. axb6 axb6 18. Ra3 Nd6 19. Rfa1 Nxe4 20. Ra7 Qd6 21. Bh6 Bxh6 22. Qxe4 Bg7 23. Rb7 Rf4 24. Qe1 e4 25. Raa7 Bd4 26. Nxd4 Qxd4 27. Rxh7 Rdf8 28. c3 Qf6 29.
Kh1 Rxf2 30. Qxf2 Qxc3 31. Qxf8+ Kxf8 32. Ra8# 1-0

[Event "*** Titled Tuesday Blitz"]
[Site "Chess.com"]
[Date "2020.05.05"]
[Round "7"]
[White "Omk124"]
[Black "DonBroca"]
[Result "1-0"]
[WhiteElo "2395"]
[BlackElo "2126"]
[TimeControl "180+1"]
[EndTime "11:17:54 PDT"]
[Termination "Omk124 won by checkmate"]

1. e4 c5 2. Nf3 d6 3. d4 cxd4 4. Nxd4 Nf6 5. Nc3 g6 6. Be3 Bg7 7. f3 Nc6 8. Qd2 O-O 9. O-O-O d5 10. Qe1 e5 11. Nxc6 bxc6 12. exd5 Nxd5 13. Bc4 Be6 14. Ne4 Qc7 15. Bc5 Rfd8 16. g4 h6 17. h4 Rab8 18.
Kb1 Rb7 19. Bb3 a5 20. Rh2 Rdb8 21. Bd6 Qb6 22. Bxb8 Rxb8 23. a4 Nf4 24. Qc3 Kh7 25. g5 Nd5 26. Bxd5 cxd5 27. Nf6+ Kh8 28. Qxe5 Bf5 29. Rhd2 Rc8 30. Qxd5 Qb4 31. Qxf7 Rf8 32. Rd8 Bxc2+ 33. Kxc2 Qxa4+ 34. Kb1 Qxd1+ 35. Rxd1 Rxf7 36. Rd8+ Bf8 37. Nd7 Kg7 38. Nxf8 Rxf8 39. Rxf8 Kxf8 40. Kc2 hxg5 41. hxg5 Kf7 42. Kb3 Ke6 43. Ka4 Kf5 44. Kxa5 Kxg5 45. b4 Kf4 46. b5 Kxf3 47. b6 g5 48. b7 g4 49. b8=Q g3 50. Qb1 Kf2 51.
Qc2+ Kg1 52. Qd1+ Kh2 53. Qh5+ Kg1 54. Kb4 g2 55. Kc3 Kf2 56. Qh4+ Kf1 57. Qh3 Kf2 58. Qh2 Kf1 59. Qf4+ Ke2 60. Qg3 Kf1 61. Qf3+ Kg1 62.
Kd2 Kh2 63. Qf2 Kh1 64. Qh4+ Kg1 65. Ke3 Kf1 66. Qf2# 1-0

[Event "*** Titled Tuesday Blitz"]
[Site "Chess.com"]
[Date "2020.05.05"]
[Round "7"]
[White "Hasangatin_Ramil"]
[Black "bakki78"]
[Result "0-1"]
[WhiteElo "2527"]
[BlackElo "2716"]
[TimeControl "180+1"]
[EndTime "11:17:55 PDT"]
[Termination "bakki78 won by checkmate"]

1. e4 c5 2. Nf3 Nc6 3. Bb5 Nf6 4. e5 Nd5 5. Bxc6 dxc6 6. d3 h6 7. h3 Bf5 8. O-O e6 9. Re1 g5 10. Nbd2 Rg8 11. Nh2 Qc7 12. Ndf1 O-O-O 13. Ng3 Bg6 14.
Qe2 Bg7 15. Bd2 h5 16. Nxh5 Bxh5 17. Qxh5 Bxe5 18. Nf3 Bf4 19. Qh7 Bxd2 20. Nxd2 Nf6 21. Qh6 Rg6 22. Qxg6 fxg6 23. Rxe6 Nd5 24. Rxg6 Qf4 25.
Ne4 Re8 26. Nxc5 Qf7 27. Rxg5 Nf4 28. Ne4 Kc7 29. Rg4 Rg8 30. Rf1 Rxg4 31. hxg4 Ne2+ 32.
Kh2 Qh7# 0-1

[Event "*** Titled Tuesday Blitz"]
[Site "Chess.com"]
[Date "2020.05.05"]
[Round "7"]
[White "tteshan"]
[Black "SlavenPastar"]
[Result "1-0"]
[WhiteElo "2219"]
[BlackElo "2353"]
[TimeControl "180+1"]
[EndTime "11:17:57 PDT"]
[Termination "tteshan won by checkmate"]

1. d4 b6 2. c4 Bb7 3. Nc3 e6 4. e4 Bb4 5. f3 f5 6. Bd3 fxe4 7.
fxe4 Nf6 8. Bg5 h6 9. Bh4 g5 10.
Bg3 O-O 11. Qe2 Nc6 12. Nf3 g4 13. Ne5 Nxd4 14. Qe3 Kg7 15. Bf4 Rh8 16. h3 Bc5 17. Qg3 h5 18. hxg4 hxg4 19. O-O-O Qe8 20. Nxg4 Rxh1 21. Nxf6+ Kxf6 22. Be5+ Kf7 23. Qg7# 1-0

[Event "*** Titled Tuesday Blitz"]
[Site "Chess.com"]
[Date "2020.05.05"]
[Round "7"]
[White "BocharovD"]
[Black "Lagmantr"]
[Result "1-0"]
[WhiteElo "2887"]
[BlackElo "2706"]
[TimeControl "180+1"]
[EndTime "11:17:58 PDT"]
[Termination "BocharovD won on time"]

1. c4 e6 2. Nf3 Nf6 3. b3 d5 4. e3 b6 5. Bb2 Bb7 6. cxd5 exd5 7. d4 Nbd7 8. Nc3 Bd6 9. g3 O-O 10. Bg2 c5 11. O-O Rc8 12. Nh4 cxd4 13. Nb5 Bb8 14. Nxd4 Ne4 15. Nhf5 Be5 16. Rc1 Rxc1 17. Qxc1 Qf6 18.
Bh3 Ba6 19. f4 Bxf1 20. fxe5 Nxe5 21. Qxf1 Qg5 22. Bg2 g6 23. h4 Qd8 24. Nh6+ Kg7 25. Ng4 Nxg3 26. Qe1 1-0

[Event "*** Titled Tuesday Blitz"]
[Site "Chess.com"]
[Date "2020.05.05"]
[Round "7"]
[White "Doraemon7"]
[Black "TigrVShlyape"]
[Result "0-1"]
[WhiteElo "2656"]
[BlackElo "2824"]
[TimeControl "180+1"]
[EndTime "11:17:58 PDT"]
[Termination "TigrVShlyape won by resignation"]

1. Nf3 Nf6 2. c4 g6 3. b3 Bg7 4. Bb2 O-O 5. g3 c6 6. Bg2 d5 7. O-O a5 8. Nc3 Na6 9. d3 d4 10. Nb1 Ng4 11. h3 Nh6 12. Na3 e5 13. Nd2 f5 14. Nc2 Re8 15. a3 Nc5 16. b4 Na4 17. Rb1 Nxb2 18. Rxb2 axb4 19. axb4 e4 20. Nb3 Nf7 21. Rb1 exd3 22. exd3 f4 23. Nc5 Qc7 24. Ne4 Bf5 25. Re1 Bxe4 26. Bxe4 fxg3 27. Qd2 Bh6 28. Qe2 gxf2+ 29. Qxf2 Ra2 30. Ra1 Be3 31. Rxe3 dxe3 32.
Qxe3 Rxc2 0-1

[Event "*** Titled Tuesday Blitz"]
[Site "Chess.com"]
[Date "2020.05.05"]
[Round "7"]
[White "arminmusovic"]
[Black "Gerasimenyuk_Miha"]
[Result "1-0"]
[WhiteElo "2506"]
[BlackElo "2351"]
[TimeControl "180+1"]
[EndTime "11:17:58 PDT"]
[Termination "arminmusovic won by resignation"]

1. a3 e5 2. Nc3 Nc6 3. e4 a6 4. Nf3 Bc5 5. Nxe5 Bxf2+ 6. Kxf2 Nxe5 7. d4 Qf6+ 8. Kg1 Ne7 9. h3 N5g6 10. Bc4 O-O 11. Be3 d5 12. Bxd5 Nxd5 13. Nxd5 Qd8 14.
Nc3 f5 15. Qh5 f4 16. Bf2 Be6 17. Kh2 f3 18. gxf3 Nf4 19. Qh4 Qd6 20. Qg3 c5 21.
Rad1 c4 22. Rhg1 Rf7 23. Be3 g6 24. e5 Qf8 25. d5 Nxh3 26. dxe6 Rxf3 27. e7 Qf7 28.
Rd8+ Kg7 29. e8=Q Rxg3 30. Bh6+ Kxh6 31. Qxf7 1-0

[Event "*** Titled Tuesday Blitz"]
[Site "Chess.com"]
[Date "2020.05.05"]
[Round "7"]
[White "lamomiablanca"]
[Black "ntmh281"]
[Result "1-0"]
[WhiteElo "2166"]
[BlackElo "2286"]
[TimeControl "180+1"]
[EndTime "11:17:59 PDT"]
[Termination "lamomiablanca won by resignation"]

1. Nf3 d5 2. g3 Nf6 3. Bg2 Bg4 4. O-O Nbd7 5. d3 e5 6. Nbd2 c6 7. e4 Bd6 8. h3 Bh5 9. exd5 cxd5 10. g4 Bg6 11.
Nh4 O-O 12. g5 Nh5 13. Nxg6 hxg6 14. Bxd5 Nf4 15. Qf3 Qxg5+ 16. Kh1 Nxd5 17. Qxd5 Qe7 18. Ne4 Bc7 19. Bg5 Nf6 20. Qxb7 Rab8 21. Qc6 Rb6 22.
Qc4 Rxb2 23. Rg1 Rb6 24. Bxf6 gxf6 25. Rxg6+ Kh7 26. Rg2 f5 27. Ng5+ Kh6 28. Qh4+ Kg6 29. Nh7+ 1-0

[Event "*** Titled Tuesday Blitz"]
[Site "Chess.com"]
[Date "2020.05.05"]
[Round "7"]
[White "ChessBitl"]
[Black "Kostya26"]
[Result "1-0"]
[WhiteElo "2311"]
[BlackElo "2424"]
[TimeControl "180+1"]
[EndTime "11:17:59 PDT"]
[Termination "ChessBitl won by resignation"]

1. e4 c5 2. Nf3 Nc6 3. d4 cxd4 4. Nxd4 e5 5. Nb5 d6 6. c4 Be7 7. N1c3 a6 8. Na3 f5 9. exf5 Bxf5 10. Bd3 Be6 11. O-O Nf6 12. Bg5 O-O 13. Nc2 Rc8 14.
Qe2 Na5 15. b3 b5 16. Ne3 bxc4 17. Nxc4 Nxc4 18. Bxc4 d5 19. Bxf6 Bxf6 20. Rad1 Rxc4 21. bxc4 d4 22. Ne4 Qc7 23. Rc1 Rd8 24. Qd3 Be7 25.
c5 Qc6 26. Rc2 Bf5 27. f3 Kh8 28. Rfc1 Bg5 29. Rb1 Be3+ 30. Kh1 Qh6 31. c6 Bf4 32. g3 Bxg3 33. c7 Rc8 34. Rb8 Bf4 35. Ng3 Bxg3 36.
Qxf5 1-0